 Dungeon Crawl Stone Soup version 0.23-a0-143-g1adec7b (webtiles) character file.

49 HarryHood the Cudgeler (level 3, 0/34 HPs)
             Began as a Gargoyle Berserker on Sept 2, 2018.
             Was a Follower of Trog.
             Slain by Sigmund
             ... wielding a +0 scythe
              (4 damage)
             ... on level 2 of the Dungeon.
             The game lasted 00:05:05 (1432 turns).

HarryHood the Cudgeler (Gargoyle Berserker)         Turns: 1432, Time: 00:05:05

Health: 0/34       AC:  8    Str: 25    XL:     3   Next: 75%
Magic:  3/3        EV: 11    Int:  7    God:    Trog [*.....]
Gold:   90         SH:  0    Dex: 10    Spells: 2/2 levels left

rFire    . . .     SeeInvis .   a - +0 mace
rCold    . . .     Gourm    .   (no shield)
rNeg     + . .     Faith    .   j - +0 leather armour
rPois    ∞         Spirit   .   (no helmet)
rElec    +         Reflect  .   g - +0 cloak
rCorr    .         Harm     .   (no gloves)
MR       .....                  i - +0 pair of boots
Stlth    ..........             (no amulet)
HPRegen  0.11/turn              (no ring)
MPRegen  0.08/turn              (no ring)

@: berserking, very quick
A: negative energy resistance 1, electricity resistance, unbreathing,
petrification resistance, rot immunity, AC +3
a: Berserk, Renounce Religion


You were on level 2 of the Dungeon.
You worshipped Trog.
Trog was aware of your devotion.
You were hungry.

You visited 1 branch of the dungeon, and saw 2 of its levels.

You collected 90 gold pieces.

Inventory:

Hand Weapons
 a - a +0 mace (weapon)
Missiles
 f - 44 stones (quivered)
Armour
 g - a +0 cloak (worn)
 i - a +0 pair of boots (worn)
 j - a +0 leather armour (worn)
Scrolls
 h - a scroll of teleportation {unknown}
 k - 3 scrolls of blinking {unknown}
 m - a scroll of amnesia {unknown}
 r - 4 scrolls of identify
Potions
 b - a potion of cancellation {unknown}
 d - 2 potions of degeneration {unknown}
 e - a potion of lignification {!q}
Comestibles
 c - 6 rations {@e1}
 l - 2 chunks of flesh


   Skills:
 - Level 3.2 Fighting
 + Level 4.6 Maces & Flails
 - Level 2.1 Armour
 - Level 1.5 Dodging


You had 2 spell levels left.
You didn't know any spells.
Your spell library was empty.

Dungeon Overview and Level Annotations

Branches:
Dungeon (2/15)

Altars:
Dithmenos

Annotations:
D:2 Sigmund


Innate Abilities, Weirdness & Mutations

You are resistant to torment.
Your stone body is resilient. (AC +3)
You are immune to poison.
You resist negative energy. (rN+)
You are resistant to electric shocks. (rElec)
You can survive without breathing.
You are immune to petrification.
You are immune to rotting.


Message History

You take 1 damage, and have 13/23 hp.
You closely miss something. You hit something. Something hits you.
You take 1 damage, and have 13/23 hp.
You hit something. Something completely misses you.
You hit something. Something hits you!
* * * LOW HITPOINT WARNING * * *
You take 10 damage, and have 3/23 hp.
MASSIVE DAMAGE!!
A red film seems to cover your vision as you go berserk!
You feel yourself moving faster!
You feel mighty!
You are feeling hungry.
You now have 4/34 hp.
You hit something. Something completely misses you.
You bludgeon something!! You barely miss something.
You hear some strange, mumbled words.
A magic dart appears from out of thin air!
The magic dart hits you!
You barely miss something. Something hits you.
You die...

######## #......#
#.####.# #.# #.#
######.####.##########
.....)..........@{...#
....##.#....########.#
..# #......# .
#.....## ##..<## #.
##.## #.# #.# ##.##
####.# #.# ##...##
#..... ##'## #.....#
#.##.#


There were no monsters in sight!

Vanquished Creatures
  3 worms (D:2)
  A dart slug (D:1)
  2 leopard geckos (D:1)
  2 ball pythons
  9 goblins
  3 hobgoblins (D:1)
  4 kobolds
  5 bats (D:1)
  2 frilled lizards (D:1)
  4 rats (D:1)
35 creatures vanquished.

Notes
Turn   | Place    | Note
-------+----------+-------------------------------------------
     0 | D:1      | HarryHood the Gargoyle Berserker began the quest for the
                  | Orb.
     0 | D:1      | Reached XP level 1. HP: 14/14 MP: 1/1
   118 | D:1      | Reached XP level 2. HP: 17/19 MP: 2/2
   362 | D:1      | Reached skill level 4 in Maces & Flails
   427 | D:1      | Reached XP level 3. HP: 16/23 MP: 3/3
  1363 | D:2      | Found a shadowy altar of Dithmenos.
  1409 | D:2      | Noticed Sigmund
  1432 | D:2      | Slain by Sigmund

Vault maps used:
D:1:      doesnt_arrival_eight_statues
D:2:      first_ration, nicolae_dithmenos_through_a_glass_darkly, uniq_sigmund

Skill      XL: |  1  2 |
---------------+-------+-----
Maces & Flails | 4 |  4.6
Fighting       | |  3.2
Armour         | |  2.1
Dodging        | |  1.5

Action                   || total
-------------------------++-------
Melee: Mace              ||   120
Invok: Berserk           ||     1
  Use: Scroll            ||     1
  Eat: Chunk             ||     2
Armor: Animal skin       ||    33
       Leather armour    ||    10
Dodge: Dodged            ||    75

Table legend:
 A = Non-vault XP
 B = Vault XP
 C = Vault XP percentage of total XP
 D = Non-vault monster count
 E = Vault monster count
 F = Vault count percentage of total count
                 A         B        C        D         E       F
            +---------+---------+-------+---------+---------+-------
      Total |      70 |       0 |   0.0 |      35 |       0 |   0.0
            +---------+---------+-------+---------+---------+-------
        D:1 |      47 |       0 |   0.0 |      27 |       0 |   0.0
        D:2 |      23 |       0 |   0.0 |       8 |       0 |   0.0
            +---------+---------+-------+---------+---------+-------
